 Dungeon Crawl Stone Soup version 0.31-a0-1376-g36f0627844 (webtiles) character file.

Game seed: 8365975223236996772

98 Querens the Shield-Bearer (level 5, -2/42 HPs)
             Began as a Formicid Fighter on Dec 24, 2023.
             Slain by an iguana (11 damage)
             ... on level 4 of the Dungeon.
             The game lasted 00:04:40 (1477 turns).

Querens the Shield-Bearer (Formicid Fighter)        Turns: 1477, Time: 00:04:40

Health: -2/42      AC:  7    Str: 22    XL:     5   Next: 1%
Magic:  14/14      EV:  9    Int:  8    God:
Gold:   178        SH:  5    Dex: 13    Spells: 4/4 levels left

rFire   + + .        a - +0 war axe
rCold   . . .        c - +0 buckler
rNeg    . . .        b - +0 scale mail
rPois   .            (helmet unavailable)
rElec   +            (no cloak)
rCorr   .            (no gloves)
SInv    +            (no boots)
Will    +....        (no amulet) Stlth
                     o - ring of protection from fire
HPRegen 0.27/turn    p - ring of Pomagiow {rElec rF+ Will+ MP+9}
MPRegen 0.14/turn

%: no passive effects
@: no status effects
A: permanent stasis, dig shafts and tunnels, antennae 3, four strong arms
a: Dig, Shaft Self


You were on level 4 of the Dungeon.
You visited 1 branch of the dungeon, and saw 4 of its levels.

You collected 178 gold pieces.

Inventory:

Hand Weapons
 a - a +0 war axe (weapon)
Missiles
 n - a throwing net
Armour
 b - a +0 scale mail (worn)
 c - a +0 buckler (worn)
Jewellery
 o - a ring of protection from fire (left hand)
 p - the ring of Pomagiow (right hand) {rElec rF+ Will+ MP+9}
   (You found it on level 3 of the Dungeon)

   [ring of magical power]

   rF+:       It protects you from fire.
   rElec:     It insulates you from electricity.
   Will+:     It increases your willpower.
   MP+9:      It affects your magic capacity (+9).
Scrolls
 e - 8 scrolls of identify {unknown}
 f - 2 scrolls of fog {unknown}
 g - a scroll of fear {unknown}
 h - a scroll of butterflies {unknown}
 i - a scroll of enchant armour {unknown}
 j - a scroll of teleportation {unknown}
 k - a scroll of amnesia {unknown}
 l - a scroll of poison {unknown}
Potions
 d - a potion of might
 m - a potion of curing {unknown}


   Skills:
 + Level 4.0 Fighting
 + Level 2.8 Axes
 + Level 4.0 Armour
 + Level 5.0 Shields


You had 4 spell levels left.
You didn't know any spells.
Your spell library was empty.

Dungeon Overview and Level Annotations

Branches:
Dungeon (4/15)
 Temple: D:4-7

Altars:
Ashenzari
Dithmenos
Fedhas


Innate Abilities, Weirdness & Mutations

You cannot be hasted, slowed, berserked, paralysed or teleported.
You can dig through walls and to a lower floor.
You have a pair of large antennae on your head. (SInv)
Your four strong arms can wield two-handed weapons with a shield.


Message History

The goblin barely misses you.
You barely miss the goblin. The goblin hits you with a +0 dagger.
You closely miss the goblin. The goblin hits you with a +0 dagger.
The goblin hits you but does no damage.
You miss the goblin. The goblin closely misses you.
You closely miss the goblin.
The goblin hits you but does no damage. x2
You closely miss the goblin. The goblin hits you but does no damage.
You closely miss the goblin. You block the goblin's attack.
You slash the goblin!
You kill the goblin!
No target in view!
No target in view!
An iguana comes into view.
The iguana hisses angrily.
An orc comes into view. It is wielding a +0 short sword.
Found a stone staircase leading down.
The orc shouts!
The iguana closely misses you.
You completely miss the iguana. The iguana bites you.
You barely miss the iguana. You closely miss the orc.
The iguana barely misses you. You block the orc's attack.
The iguana closely misses you.
You barely miss the iguana. You barely miss the orc.
The orc closely misses you. The iguana bites you.
You barely miss the iguana. You hit the orc.
The orc hits you with a +0 short sword. The iguana bites you.
The orc hits you but does no damage. The iguana barely misses you.
You slash the orc!
You kill the orc!
You hit the iguana. The iguana bites you!
You have reached level 5!
You slash the iguana!
The iguana is heavily wounded.
The iguana bites you!
You closely miss the iguana.
The iguana is heavily wounded.
The iguana bites you!
* * * LOW HITPOINT WARNING * * *
The iguana bites you!
You die...

.. #. #. ## #.## .####
..# #..... #.##...#
#.....# ###..)#.###..
#...l@.......
##...#........
####...##........
########......##........
#...........####........
#...)......## #......>.
#..........# #........
#..........# #........
#.....<....#


You could see an iguana.

Vanquished Creatures
  A gnoll (D:1)
  A worm (D:3)
  2 dart slugs
  9 orcs
  6 endoplasms
  4 giant cockroaches
  3 goblins
  5 hobgoblins
  2 jackals (D:2)
  6 kobolds
  A quokka (D:1)
  9 ball pythons
  7 bats
  4 frilled lizards
  4 rats
64 creatures vanquished.

Notes
Turn   | Place    | Note
-------+----------+-------------------------------------------
     0 | D:1      | Querens the Formicid Fighter began the quest for the Orb.
     0 | D:1      | Reached XP level 1. HP: 18/18 MP: 1/1
    75 | D:1      | Reached XP level 2. HP: 24/24 MP: 2/2
   355 | D:1      | Reached XP level 3. HP: 19/30 MP: 3/3
   564 | D:2      | Reached XP level 4. HP: 29/37 MP: 4/4
   743 | D:2      | Found a broken altar of Ashenzari.
  1024 | D:3      | Found a blossoming altar of Fedhas.
  1083 | D:3      | Found a shadowy altar of Dithmenos.
  1178 | D:3      | Identified the ring of Pomagiow {rElec rF+ Will+ MP+9}
  1231 | D:3      | Reached skill level 5 in Shields
  1476 | D:4      | Reached XP level 5. HP: 22/42 MP: 5/5
  1477 | D:4      | Slain by an iguana

Illustrated notes

Levels and vault maps discovered:
D:1:      dpeg_arrival_fog, layout_rooms, serial_forest,
          infiniplex_forest_clump_medium, infiniplex_forest_straight_4,
          infiniplex_forest_lined_3_way, infiniplex_forest_lined_1,
          infiniplex_forest_lined_1, infiniplex_forest_lined_3,
          infiniplex_forest_clump_C
D:2:      layout_rooms, basic_altar, kennysheep_generic_room_16
D:3:      layout_loops_ring, grunt_dithmenos_smoke,
          nicolae_overflow_crystal_walls
D:4:      layout_rooms, makhleb_altar_promises_db,
          nicolae_gozag_zags_fifth_avenue, mainiacjoe_overflow_chevrons,
          uniq_duvessa

Skill      XL: |  1  2  3  4 |
---------------+-------------+-----
Fighting       | 4 |  4.0
Armour         | 4 |  4.0
Shields        | 5 |  5.0
Axes           | |  2.8

Action                     |  1- 3 |  4- 6 || total
---------------------------+-------+-------++-------
  Melee: War axe           |    62 |    76 ||   138
 Armour: Scale mail        |    41 |    71 ||   112
  Dodge: Dodged            |    35 |    47 ||    82
  Block: Buckler           |    26 |    21 ||    47

Table legend: (Time is in decaauts)
 A = Elapsed time spent in this place.
 B = Non-inter-level travel time spent in this place.
 C = Inter-level travel time spent in this place.
 D = Time resting spent in this place.
 E = Time spent auto-exploring this place.
 F = Levels seen in this place.
 G = Mean time per level.
                   A        B        C        D        E       F      G
               +--------+--------+--------+--------+--------+-----+--------+
         Total |   1530 |   1357 |    173 |      0 |      0 |   4 |  382.5 |
       Dungeon |   1530 |   1357 |    173 |      0 |      0 |   4 |  382.5 |
               +--------+--------+--------+--------+--------+-----+--------+

Top non-repeatable levels by time:
     D:3: 589 daAuts
     D:1: 486 daAuts
     D:2: 419 daAuts
     D:4: 35 daAuts
